 Dungeon Crawl Stone Soup version 0.19.5 (webtiles) character file.

1517 theAP the Carver (level 9, -5/64 HPs)
             Began as a Formicid Fighter on Apr 8, 2017.
             Was a Follower of Nemelex Xobeh.
             Killed by divine providence
             ... invoked by an orc priest
              (13 damage)
             ... on level 6 of the Dungeon.
             The game lasted 00:13:51 (5209 turns).

theAP the Carver (Formicid Fighter)                 Turns: 5209, Time: 00:13:52

Health: -5/64      AC: 10    Str: 23    XL:     9   Next: 9%
Magic:  9/9        EV:  6    Int:  9    God:    Nemelex Xobeh [*.....]
Gold:   278        SH:  9    Dex: 10    Spells: 0 memorised, 8 levels left

rFire  . . .     SeeInvis +     a - +0 long sword
rCold  . . .     Gourm    .     o - +0 chain mail
rNeg   . . .     Faith    .     c - +0 shield
rPois  .         Spirit   .     (helmet unavailable)
rElec  .         Reflect  .     (no cloak)
rCorr  .         Harm     .     l - +0 pair of gloves
MR     +....                    (no boots)
Stlth  ..........               (no amulet)
                                (no ring)
                                j - ring of protection from magic

@: drained
A: permanent stasis, dig shafts and tunnels, four strong arms, antennae 3, frail
1, wild magic 1, no device heal 1
a: Dig, Shaft Self, Renounce Religion


You were on level 6 of the Dungeon.
You worshipped Nemelex Xobeh.
Nemelex Xobeh was aware of your devotion.
You were not hungry.

You visited 2 branches of the dungeon, and saw 7 of its levels.

You collected 278 gold pieces.

Inventory:

Hand Weapons
 a - a +0 long sword (weapon)
Armour
 b - a +0 scale mail
 c - a +0 shield (worn)
 k - a +0 leather armour
 l - a +0 pair of gloves (worn)
 o - a +0 chain mail (worn)
Jewellery
 j - a ring of protection from magic (left hand)
 v - an uncursed amulet of inaccuracy
Wands
 d - a wand of polymorph (13/24)
Scrolls
 i - a scroll of magic mapping
 m - 4 scrolls of remove curse
 q - 3 scrolls of enchant armour
 r - 3 scrolls of noise
Potions
 h - a potion of degeneration
 p - a potion of agility
 s - a potion of beneficial mutation {unknown}
 t - a potion of flight {unknown}
 w - 2 potions of lignification
 x - a potion of brilliance {unknown}
Miscellaneous
 e - a plain deck of summoning
 u - a plain deck of destruction
Comestibles
 f - 5 bread rations
 g - a beef jerky
 n - 5 meat rations


   Skills:
 + Level 7.4(7.2) Fighting
 * Level 9.0(8.8) Long Blades
 - Level 3.2(3.0) Armour
 - Level 3.6(3.4) Shields
 + Level 0.2(0.0) Invocations


You had 8 spell levels left.
You didn't know any spells.

Dungeon Overview and Level Annotations

Branches:
Dungeon (6/15)             Temple (1/1) D:4

Altars:
Ashenzari
Cheibriados
Dithmenos
Elyvilon
Fedhas
Gozag
Hepliaklqana
Kikubaaqudgha
Makhleb
Nemelex Xobeh
Okawaru
Qazlal
Ru
Sif Muna
Trog
Uskayaw
Vehumet
Xom
Yredelemnul
Zin
The Shining One

Shops:
D:5 =   D:6 }


Innate Abilities, Weirdness & Mutations

You are under a permanent stasis effect.
You can dig through walls and to a lower floor.
Your four strong arms can wield two-handed weapons with a shield.
You have a pair of large antennae on your head. (SInv)
You are frail. (-10% HP)
Your spells are a little harder to cast, but a little more powerful.
Potions and wands are less effective at restoring your health.


Message History

Unknown command.
You hit the orc priest.
The orc priest is moderately wounded.
You block the orc's attack. x2
The orc priest hits you but does no damage.
The orc barely misses you.
You riposte.
You hit the orc but do no damage.
Unknown command.
You barely miss the orc priest.
The orc priest is moderately wounded.
You block the orc's attack. x2; You block the orc priest's attack.
Unknown command.
The orc priest invokes the aid of Beogh against you.
Beogh smites you!
* * * LOW HITPOINT WARNING * * *
The orc hits you but does no damage. You block the leopard gecko's attack.
The orc priest mumbles some strange prayers to Beogh against you.
Beogh smites you!
You die...
Your body disappears without a glow.

#......#
#......##
#..†....#
#.o)....###
#ooo......#
##.o...##.#
##### #l...##
#...###..#.###..
##....†.@......#
#)..#.##......#
#.....# #.....#
##..####......#
###<...........#
#..♣.###........
#♣.∩.♣ ...>..
#.#♣## .... #.


You could see an orc priest, an orc wizard, 3 orcs and a leopard gecko.

Vanquished Creatures
  Pikel (D:4)
  Sigmund (D:3)
  A sky beast (D:5)
  An ogre (D:6)
  2 big kobolds (D:4)
  3 howler monkeys
  3 crimson imps (D:5)
  An orc priest (D:4)
  A hound (D:4)
  2 bullfrog skeletons (D:4)
  3 worker ants
  2 orc wizards (D:4)
  Ijyb (D:3)
  A howler monkey skeleton (D:4)
  4 adders
  An ooze (D:2)
  2 worms
  3 dart slugs
  4 leopard geckos
  2 orcs
  7 giant cockroaches
  10 goblins
  7 hobgoblins
  10 jackals
  11 kobolds
  5 quokkas
  A ball python (D:4)
  7 bats
  4 frilled lizards
  10 rats
111 creatures vanquished.

Notes
Turn   | Place    | Note
-------+----------+-------------------------------------------
     0 | D:1      | theAP the Formicid Fighter began the quest for the Orb.
     0 | D:1      | Reached XP level 1. HP: 18/18 MP: 1/1
    48 | D:1      | Reached XP level 2. HP: 21/24 MP: 2/2
   326 | D:1      | Reached skill level 3 in Long Blades
   381 | D:1      | Reached XP level 3. HP: 22/29 MP: 3/3
   841 | D:2      | Reached XP level 4. HP: 35/37 MP: 4/4
  1753 | D:3      | Noticed Ijyb
  1754 | D:3      | Noticed Sigmund
  1824 | D:3      | Gained mutation: You are frail. (-10% HP) [potion of mutation]
  1824 | D:3      | Gained mutation: Potions and wands are less effective at restoring your health. [potion of mutation]
  1824 | D:3      | Gained mutation: Your spells are a little harder to cast, but a little more powerful. [potion of mutation]
  1824 | D:3      | HP: 1/33 [Ijyb (3)]
  1842 | D:3      | Killed Ijyb
  1842 | D:3      | Reached skill level 4 in Long Blades
  1842 | D:3      | Reached XP level 5. HP: 8/38 MP: 5/5
  2222 | D:3      | Killed Sigmund
  2222 | D:3      | Reached skill level 5 in Fighting
  2222 | D:3      | Reached skill level 5 in Long Blades
  2222 | D:3      | Reached XP level 6. HP: 25/45 MP: 6/6
  2320 | D:3      | Found a deep blue altar of Sif Muna.
  2839 | D:4      | Reached XP level 7. HP: 36/50 MP: 7/7
  2904 | D:4      | Reached skill level 6 in Long Blades
  3259 | D:4      | Found a staircase to the Ecumenical Temple.
  3286 | Temple   | Entered the Ecumenical Temple
  3428 | Temple   | Became a worshipper of Nemelex Xobeh the Trickster
  3711 | D:4      | Noticed Pikel
  3761 | D:4      | Killed Pikel
  3761 | D:4      | Reached skill level 7 in Long Blades
  3761 | D:4      | Reached XP level 8. HP: 20/58 MP: 8/8
  3918 | D:4      | Received a gift from Nemelex Xobeh
  4132 | D:4      | Reached skill level 8 in Long Blades
  4202 | D:5      | Entered Level 5 of the Dungeon
  4248 | D:5      | Found Duwiwiho's Jewellery Emporium.
  4408 | D:5      | Reached * piety under Nemelex Xobeh
  4611 | D:5      | Found a burning altar of Makhleb.
  4919 | D:5      | Received a gift from Nemelex Xobeh
  5000 | D:6      | Found Guoleb's Gadget Shop.
  5019 | D:6      | Reached XP level 9. HP: 41/64 MP: 9/9
  5024 | D:6      | Reached skill level 9 in Long Blades
  5209 | D:6      | Killed from afar by an orc priest

Skill      XL: |  1  2  3  4  5  6  7  8  9 |
---------------+----------------------------+-----
Long Blades    | 3 4 5 7 8 9 |  9.0
Fighting       | 4 5 6 7 |  7.4
Armour         | |  3.2
Shields        | |  3.6
Invocations    | |  0.2

Action                   |  1- 3 |  4- 6 |  7- 9 || total
-------------------------+-------+-------+-------++-------
Melee: Long sword        |   104 |   146 |   264 ||   514
       Unarmed           |       |    54 |       ||    54
  Use: Potion            |       |     4 |       ||     4
       Scroll            |       |    10 |     1 ||    11
  Eat: Chunk             |       |     3 |       ||     3
       Meat ration       |       |     1 |       ||     1
       Pizza             |       |       |     1 ||     1
       Bread ration      |       |       |     1 ||     1
       Beef jerky        |       |       |     1 ||     1
Armor: Scale mail        |    36 |       |       ||    36
       Chain mail        |    17 |   102 |   122 ||   241
Dodge: Dodged            |    21 |    56 |    64 ||   141
Block: Shield            |    53 |    79 |   107 ||   239
       Rpst.: Long sword |     6 |    16 |    22 ||    44
